 Dungeon Crawl Stone Soup version 0.28-a0-706-gf6f64a616a (webtiles) character file.

Game seed: 10074360529944610475

557246 blank1 the Conqueror (level 25, -27/257 HPs)
             Began as a Minotaur Fighter on Oct 25, 2021.
             Was the Champion of Okawaru.
             Succumbed to poison (poison gas)
             ... on level 2 of the Realm of Zot.
             The game lasted 03:18:06 (71948 turns).

blank1 the Conqueror (Minotaur Fighter)            Turns: 71948, Time: 03:18:06

Health: -27/257    AC: 39    Str: 39    XL:     25   Next: 23%
Magic:  11/43      EV: 25    Int:  8    God:    Okawaru [******]
Gold:   2729       SH: 19    Dex: 22    Spells: 24/24 levels left

rFire   + + +      SeeInvis .   h - +7 demon whip (elec)
rCold   + . .      Faith    .   l - +0 kite shield {reflect}
rNeg    . . .      Spirit   .   s - +1 crystal plate armour
rPois   .          Reflect  +   Q - +2 hat
rElec   +          Harm     .   O - +1 cloak of Muajir {Dex+6}
rCorr   +          Rampage  +   t - +2 pair of gloves of Mysticism {Rampage rElec rF+ Stlth-}
Will    ++++.                   V - +3 pair of boots of Diminal {Str+4 Int+3}
Stlth   ..........              M - amulet of regeneration
HPRegen 1.52/turn               z - ring "Kausufol" {rF+++ rCorr Str+8 Dex-2 Stlth-}
MPRegen 0.28/turn               y - ring of Dishonesty {rC+ Will+++ MP+9 Stlth+}

@: lethally poisoned (-27 -> -161)
A: horns 2, retaliatory headbutt, talons 1, large bone plates 1, thin skeletal
structure 1, deformed body, deterioration 1, devolution 1
}: 3/15 runes: serpentine, barnacled, silver
a: Renounce Religion, Heroism, Finesse, Duel


You were on level 2 of the Realm of Zot.
You worshipped Okawaru.
Okawaru was exalted by your worship.
You visited 9 branches of the dungeon, and saw 46 of its levels.
You visited 1 bazaar.
You also visited: Ossuary.

You collected 9206 gold pieces.
You spent 6477 gold pieces at shops.

Inventory:

Hand Weapons
 h - a +7 demon whip of electrocution (weapon)
 K - the +9 flail of the Wilderness {vorpal, rF+ Int+4}
   (You found it on level 13 of the Dungeon)

   It inflicts extra damage upon your enemies.
   Int:       It affects your intelligence (+4).
   rF:        It protects you from fire.
 X - a +4 eveningstar of protection
Armour
 l - a +0 kite shield of reflection (worn)
 s - a +1 crystal plate armour (worn)
 t - the +2 pair of gloves of Mysticism (worn) {Rampage rElec rF+ Stlth-}
   (You found it on level 7 of the Dungeon)

   rF:        It protects you from fire.
   rElec:     It insulates you from electricity.
   Rampage:   It bestows one free step when moving towards enemies.
   Stlth:     It makes you less stealthy.
 A - the +1 pair of boots of Lucidity {Fly rCorr}
   (You found it on level 5 of the Vaults)

   Fly:       It grants you flight.
   rCorr:     It protects you from acid and corrosion.
 O - the +1 cloak of Muajir (worn) {Dex+6}
   (You found it on level 3 of the Elven Halls)

   Dex:       It affects your dexterity (+6).
 Q - a +2 hat (worn)
 V - the +3 pair of boots of Diminal (worn) {Str+4 Int+3}
   (Okawaru gifted it to you on level 1 of the Orcish Mines)

   Str:       It affects your strength (+4).
   Int:       It affects your intelligence (+3).
Jewellery
 r - a ring of see invisible
 y - the ring of Dishonesty (right hand) {rC+ Will+++ MP+9 Stlth+}
   (You found it on level 8 of the Dungeon)

   [ring of magical power]

   rC:        It protects you from cold.
   MP:        It affects your magic capacity (+9).
   Will:      It greatly increases your willpower.
   Stlth:     It makes you more stealthy.
 z - the ring "Kausufol" (left hand) {rF+++ rCorr Str+8 Dex-2 Stlth-}
   (You bought it in a shop on level 2 of the Dungeon)

   [ring of resist corrosion]

   Str:       It affects your strength (+8).
   Dex:       It affects your dexterity (-2).
   rF:        It renders you almost immune to fire.
   rCorr:     It protects you from acid and corrosion.
   Stlth:     It makes you less stealthy.
 H - a ring of poison resistance
 M - an amulet of regeneration (around neck)
Wands
 b - a wand of flame (160)
 f - a wand of iceblast (82)
 u - a wand of acid (30)
 x - a wand of polymorph (20)
 D - a wand of digging (25)
 F - a wand of mindburst (57)
Scrolls
 a - 15 scrolls of teleportation
 c - 6 scrolls of fear
 n - 29 scrolls of identify
 o - 11 scrolls of magic mapping
 w - 5 scrolls of amnesia
 E - 8 scrolls of blinking
 L - 2 scrolls of enchant weapon
 R - 5 scrolls of enchant armour
 S - 4 scrolls of silence
 U - 2 scrolls of brand weapon
 Z - a scroll of fog
Potions
 d - 8 potions of might
 e - 7 potions of brilliance
 i - 7 potions of attraction
 j - 2 potions of invisibility
 k - 4 potions of heal wounds
 m - 12 potions of curing
 p - 4 potions of ambrosia
 q - 3 potions of haste
 v - 5 potions of resistance
 B - 2 potions of magic
 C - 2 potions of mutation
 I - 6 potions of flight
 N - 3 potions of lignification
 P - 2 potions of berserk rage
 T - 2 potions of cancellation


   Skills:
 O Level 27 Fighting
 - Level 16.4 Maces & Flails
 O Level 27 Armour
 - Level 25.0 Dodging
 - Level 16.0 Shields
 - Level 17.0 Invocations
 + Level 9.8 Evocations


You had 24 spell levels left.
You didn't know any spells.
Your spell library contained the following spells:

 Spells                   Type           Power      Damage    Failure   Level
 Magic Dart               Conj           0%         1d3       85%         1
 Pain                     Necr           0%         1d4       85%         1
 Sandblast                Erth           0%         2d4       85%         1
 Shock                    Conj/Air       0%         1d3       85%         1
 Sting                    Tmut/Pois      0%         1d3       85%         1
 Blink                    Tloc           0%         N/A       94%         2
 Corpse Rot               Necr/Air       0%         N/A       94%         2
 Passwall                 Tmut/Erth      0%         N/A       94%         2
 Poisonous Vapours        Pois/Air       0%         N/A       94%         2
 Searing Ray              Conj           0%         2d4       94%         2
 Slow                     Hex            0%         N/A       94%         2
 Sublimation of Blood     Necr           0%         N/A       94%         2
 Confusing Touch          Hex            0%         N/A       99%         3
 Conjure Flame            Conj/Fire      0%         6-21      99%         3
 Dazzling Flash           Conj/Hex       0%         N/A       99%         3
 Gell's Gravitas          Tloc           0%         N/A       99%         3
 Ignite Poison            Fire/Tmut/Pois 0%         N/A       99%         3
 Lesser Beckoning         Tloc           0%         N/A       99%         3
 Mephitic Cloud           Conj/Pois/Air  0%         N/A       99%         3
 Portal Projectile        Hex/Tloc       0%         N/A       99%         3
 Stone Arrow              Conj/Erth      0%         3d7       99%         3
 Swiftness                Air            0%         N/A       99%         3
 Teleport Other           Tloc           0%         N/A       99%         3
 Vampiric Draining        Necr           0%         2d6       99%         3
 Airstrike                Air            0%         N/A       100%        4
 Dispel Undead            Necr           0%         3d6       100%        4
 Fulminant Prism          Conj/Hex       0%         3d6       100%        4
 Hailstorm                Conj/Ice       0%         3d3       100%        4
 Ice Form                 Ice/Tmut       0%         N/A       100%        4
 Leda's Liquefaction      Hex/Erth       0%         N/A       100%        4
 Olgreb's Toxic Radiance  Pois           0%         N/A       100%        4
 Passage of Golubria      Tloc           0%         N/A       100%        4
 Petrify                  Tmut/Erth      0%         N/A       100%        4
 Sticky Flame             Conj/Fire      0%         2d3       100%        4
 Alistair's Intoxication  Tmut/Pois      0%         N/A       100%        5
 Blade Hands              Tmut           0%         N/A       100%        5
 Excruciating Wounds      Necr           0%         N/A       100%        5
 Freezing Cloud           Conj/Ice/Air   0%         6-21      100%        5
 Irradiate                Conj/Tmut      0%         3d13      100%        5
 Manifold Assault         Tloc           0%         N/A       100%        5
 Dispersal                Tloc           0%         N/A       100%        6
 Invisibility             Hex            0%         N/A       100%        6
 Dragon Form              Tmut           0%         N/A       100%        7
 Orb of Destruction       Conj           0%         N/A       100%        7
 Ozocubu's Refrigeration  Ice            0%         4d5       100%        7
 Storm Form               Tmut/Air       0%         N/A       100%        7
 Borgnjor's Revivificati  Necr           0%         N/A       100%        8
 Disjunction              Tloc           0%         N/A       100%        8
 Ignition                 Fire           0%         3d3       100%        8
 Lehudib's Crystal Spear  Conj/Erth      0%         10d2      100%        8
 Necromutation            Tmut/Necr      0%         N/A       100%        8
 Death's Door             Necr           0%         N/A       100%        9
 Animate Skeleton         Necr           Unusable   N/A       N/A         1
 Call Canine Familiar     Summ           Unusable   N/A       N/A         3
 Summon Guardian Golem    Hex/Summ       Unusable   N/A       N/A         3
 Animate Armour           Summ/Erth      Unusable   N/A       N/A         4
 Death Channel            Necr           Unusable   N/A       N/A         6
 Simulacrum               Ice/Necr       Unusable   N/A       N/A         6
 Haunt                    Necr/Summ      Unusable   N/A       N/A         7
 Malign Gateway           Summ/Tloc      Unusable   N/A       N/A         7
 Monstrous Menagerie      Summ           Unusable   N/A       N/A         7
 Spellforged Servitor     Conj/Summ      Unusable   N/A       N/A         7

Dungeon Overview and Level Annotations

Branches:
Dungeon (15/15)            Temple (0/1) D:7            Lair (6/6) D:8
 Shoals (4/4) Lair:4        Snake (4/4) Lair:3        Slime (0/5) Lair:6
    Orc (2/2) D:9             Elf (3/3) Orc:2        Vaults (5/5) D:14
  Crypt (0/3) Vaults:3     Depths (4/4) D:15            Zot (3/5) Depths:4
Ossuary (visited)

Altars:
Cheibriados
Elyvilon
Fedhas
Gozag
Hepliaklqana
Kikubaaqudgha
Makhleb
Nemelex Xobeh
Okawaru
Sif Muna
Trog
Uskayaw
Vehumet
Wu Jian
Yredelemnul
The Shining One
Beogh
Jiyva
Lugonu

Shops:
D:2 =   D:10 !   D:14 =   Orc:2 [=!?*   Elf:1 *?!   Elf:3 *   Shoals:3 *
Snake:4 =   Vaults:1 *   Vaults:3 *   Vaults:4 [   Vaults:5 *   Depths:3 *
Depths:4 ::=

Portals:
Hell: Depths:1 Depths:2 Depths:3 Depths:4
Abyss: Lair:6 Depths:3
Pandemonium: Depths:2
Ziggurat: Depths:4

Annotations:
Depths:2 2 transporters, Woytaw's ghost, adept HaHu


Innate Abilities, Weirdness & Mutations

You have a pair of horns on your head.
You reflexively headbutt those who attack you in melee.
You have sharp toenails.
You are partially covered in large bone plates. (SH +4)
You have a somewhat thin skeletal structure. (Dex +2, Stealth+)
Armour fits poorly on your strangely shaped body.
Your body sometimes deteriorates upon taking damage.
You have hidden genetic defects.


Message History

You feel extremely sick.
Unknown command.
You whack the green draconian monk!
The green draconian monk is heavily wounded.
You are engulfed in poison gas.
You are more poisoned.
You feel extremely sick.
Unknown command.
You whack the green draconian monk!
The green draconian monk is heavily wounded.
You are engulfed in poison gas.
You are more poisoned.
You feel extremely sick.
You block the green draconian monk's attack.
The green draconian monk misses you.
The green draconian monk barely misses you.
You block the green draconian monk's attack.
You thrash the green draconian monk!!
Your headbutt misses the green draconian monk.
The green draconian monk is almost dead.
You are engulfed in poison gas.
You are more poisoned.
* * * LOW HITPOINT WARNING * * *
You feel extremely sick.
You thrash the green draconian monk!!
You kill the green draconian monk!
Okawaru accepts your kill.
You are engulfed in poison gas.
You are more poisoned.
* * * LOW HITPOINT WARNING * * *
Your hands slow down.
* * * LOW HITPOINT WARNING * * *
You feel extremely sick.
Unknown command.
You are engulfed in poison gas.
You are more poisoned.
* * * LOW HITPOINT WARNING * * *
x2 You feel extremely sick.
You see here a +0 short sword.
You die...

#.....##.#....##
..#....#####.).##
.###...#####....#
##.##....#.#...##
#...##.#...^....##
.....###........°##
#...##.###...#.°°°#
##.####.##.####.°°#
.#'##.#.#...##.°@.#
##..#...#..##....###
.#..#.#.........##.#
...######..#...###.#
...##...#..##.##.#.##
....#.......###<.#..#
#.....#####.##...#.##
.........#.....#.#..#
.##....######..#....#


There were no monsters in sight!

Vanquished Creatures
  2 dread liches
  3 orbs of fire
  3 Killer Klowns (Zot:2)
  Bai Suzhen (Snake:4)
  2 caustic shrikes (Depths:3)
  Saint Roka (Depths:3)
  7 golden dragons
  the Enchantress (Depths:1)
  A Brimstone Fiend (Depths:2)
  An electric golem (Zot:1)
  A lich (Depths:3)
  Mlioglotl (Arena)
  11 tentacled monstrosities
  A quicksilver dragon (Vaults:5)
  2 deep elf master archers (Elf:3)
  6 titans
  2 deep elf blademasters (Elf:3)
  The ghost of Kuseiv the Warrior, an adept MiHu of Okawaru (Snake:1)
  3 Executioners (Depths:2)
  5 death cobs
  7 sphinxes
  Polyphemus (Shoals:4)
  Frances (Shoals:1)
  3 tengu reavers
  5 shadow dragons
  13 storm dragons
  3 draconian monks
  4 nagarajas
  Donald (Snake:4)
  5 frost giants
  5 deep elf sorcerers
  2 ghost moths
  11 fire giants
  A draconian scorcher (Depths:4)
  3 iron dragons
  5 draconian knights
  20 vault wardens
  An orc warlord (Vaults:1)
  The ghost of Pumeicul the Covert, a journeyman GnDe of Okawaru (Shoals:2)
  8 deep elf elementalists (Elf:3)
  Aizul (Snake:4)
  5 draconian stormcallers
  4 draconian shifters
  5 stone giants
  3 draconian annihilators
  3 spriggan defenders (Depths:1)
  2 war gargoyles (Vaults:5)
  17 ironbound preservers
  16 very ugly things
  6 green draconians
  2 vampire knights (Depths:1)
  Azrael (D:14)
  12 deep elf demonologists
  7 red draconians
  7 black draconians
  3 purple draconians
  16 dire elephants
  5 yellow draconians
  4 deep elf annihilators
  2 spark wasps (Depths:3)
  3 minotaurs (Shoals:4)
  3 entropy weavers
  9 white draconians
  14 ettins
  A blizzard demon (Depths:2)
  2 merfolk javelineers (Shoals:4)
  An ettin (shapeshifter) (Depths:3)
  3 merfolk impalers
  2 jiangshi (Depths:2)
  9 deep elf death magi
  6 great orbs of eyes
  7 fire dragons
  14 yaktaur captains
  Harold (D:8)
  17 naga warriors
  38 vault guards
  5 deep elf high priests
  6 ogre magi
  5 hydras
  5 spriggan air magi
  6 rakshasas
  A peacekeeper (Vaults:4)
  An ice dragon (shapeshifter) (Vaults:5)
  6 ironbound thunderhulks
  A boulder beetle (shapeshifter) (Elf:1)
  11 ironbound frosthearts
  4 salamander tyrants (Snake:4)
  4 boulder beetles
  9 ice dragons
  3 merfolk avatars
  2 catoblepae
  19 anacondas
  A death knight (D:13)
  22 centaur warriors
  11 satyrs
  26 two-headed ogres
  23 dancing weapons
  9 deep troll earth magi
  A vampire mage (Depths:2)
  3 merfolk aquamancers
  4 tengu warriors
  13 naga sharpshooters
  8 deep troll shamans
  6 death yaks
  2 thrashing horrors (Lair:6)
  9 spriggan berserkers
  2 orc high priests
  6 shock serpents
  21 deep elf knights
  2 shadow wraiths (Vaults:5)
  4 skeletal warriors (Vaults:3)
  22 hell knights
  13 iron trolls
  4 salamander mystics
  A sixfirhy (Depths:2)
  4 glowing orange brains
  52 deep trolls
  19 sea snakes
  A golden dragon skeleton (Vaults:3)
  An orange crystal statue (Depths:1)
  9 lindwurms
  A shadow dragon zombie (Vaults:3)
  20 deep elf archers
  7 naga ritualists
  A flayed ghost (Depths:3)
  13 wizards
  26 harpies
  32 deep elf zephyrmancers
  5 necromancers
  9 mana vipers
  5 phantasmal warriors
  An orb spider (shapeshifter) (Lair:6)
  21 ironbound convokers
  An obsidian statue (Vaults:1)
  5 orc knights
  34 deep elf pyromancers
  A wolf spider (D:15)
  45 ugly things
  21 salamanders
  3 orc sorcerers
  3 tengu skeletons (Vaults:3)
  27 fauns
  17 manticores
  A sphinx skeleton (Vaults:3)
  A salamander (shapeshifter) (D:9)
  An oklob plant (Lair:2)
  8 elephants
  A stone giant zombie (Vaults:3)
  4 cyclopes
  70 black mambas
  A guardian serpent (shapeshifter) (D:14)
  A manticore (shapeshifter) (Depths:3)
  27 naga magi
  5 guardian serpents
  6 merfolk sirens
  2 stone giant skeletons (Vaults:3)
  14 cane toads
  14 moths of wrath
  5 water nymphs
  18 vault sentinels
  A fire giant skeleton (Vaults:3)
  An eye of devastation (shapeshifter) (Elf:3)
  A black mamba (shapeshifter) (Vaults:5)
  A smoke demon (Lair:6)
  A gargoyle (D:11)
  A torpor snail (Lair:6)
  3 unseen horrors
  2 efreet (D:14)
  32 yaktaurs
  2 komodo dragons (shapeshifter)
  9 komodo dragons
  2 yaktaur skeletons (Vaults:3)
  2 ancient zymes (Lair:6)
  3 tengu conjurers
  4 freezing wraiths
  10 polar bears
  6 meliai
  6 trolls
  16 merfolk
  A jumping spider (Vaults:4)
  4 wind drakes
  2 hornets
  2 large abominations (Lair:6)
  32 slime creatures
  12 dream sheep
  17 snapping turtles
  24 blink frogs
  A tarantella (Vaults:2)
  An ettin skeleton (Vaults:3)
  5 redbacks
  4 air elementals
  3 centaur simulacra (D:15)
  4 spriggans
  A shadow (D:12)
  A vampire (D:10)
  A spriggan (shapeshifter) (Lair:6)
  5 fire elementals
  59 yaks
  A ynoxinul (Lair:6)
  4 wraiths
  2 wyverns
  9 humans
  8 basilisks
  14 water elementals
  A steam dragon (shapeshifter) (Depths:3)
  3 steam dragons
  A chaos spawn (Lair:6)
  7 vampire mosquitoes
  A human simulacrum (Vaults:3)
  55 nagas
  6 wargs
  3 hell hounds (D:14)
  2 acid dragons
  11 water moccasins
  20 orc warriors
  4 sky beasts (D:8)
  5 black bears
  27 ogres
  2 necrophages
  6 centaurs
  26 wolves
  11 boggarts
  A kobold brigand (D:7)
  13 bullfrogs
  A gnoll sergeant (D:6)
  3 elf zombies (Ossuary)
  8 small abominations (Lair:6)
  A wyvern zombie (D:4)
  4 human skeletons (Vaults:3)
  5 scorpions
  5 earth elementals
  19 killer bees
  13 wights
  6 electric eels
  3 howler monkeys (D:8)
  A crimson imp (D:8)
  7 centaur zombies
  A human zombie (Ossuary)
  A jelly (D:6)
  13 orc priests
  2 centaur skeletons
  15 orc wizards
  3 iguanas
  A hound skeleton (D:4)
  3 mummies
  Robin (D:3)
  11 gnolls
  A howler monkey skeleton (D:5)
  A howler monkey zombie (D:8)
  13 adders
  A white imp (D:7)
  2 ufetubi (D:6)
  2 adder zombies (Ossuary)
  2 worms
  3 dart slugs
  56 orcs
  9 ball pythons
  3 bats
  4 endoplasms
  A giant cockroach (D:2)
  17 goblins
  7 hobgoblins
  6 jackals
  7 kobolds
  3 quokkas
  4 frilled lizards
  2 goblin skeletons (D:8)
  6 goblin zombies
  15 hobgoblin zombies
  2 jackal zombies (Ossuary)
  10 kobold zombies (Ossuary)
  7 orc zombies
  4 rats
  A rat zombie (Ossuary)
  A spectral orc (D:3)
  3 tentacles (Shoals:2)
2115 creatures vanquished.

Vanquished Creatures (others)
  A ghost moth (Zot:3)
  A red draconian (Zot:2)
  A deep elf knight (Elf:1)
  A salamander mystic (Snake:4)
  A deep elf pyromancer (Elf:1)
  23 fungi
  101 plants
  2 starspawn tentacles (Arena)
  12 tentacles (Shoals:2)
143 creatures vanquished.

Grand Total: 2258 creatures vanquished

Notes
Turn   | Place    | Note
-------+----------+-------------------------------------------
     0 | D:1      | blank1 the Minotaur Fighter began the quest for the Orb.
     0 | D:1      | Reached XP level 1. HP: 19/19 MP: 0/0
   103 | D:1      | Reached XP level 2. HP: 27/27 MP: 1/1
   469 | D:1      | Reached skill level 1 in Dodging
   587 | D:2      | Reached XP level 3. HP: 33/33 MP: 2/2
   727 | D:2      | Found Yci Jell's Jewellery Emporium.
   933 | D:2      | Reached XP level 4. HP: 40/40 MP: 3/3
  1236 | D:2      | Found a blossoming altar of Fedhas.
  1867 | D:2      | Reached XP level 5. HP: 35/47 MP: 4/4
  1956 | D:3      | Found a radiant altar of Vehumet.
  2249 | D:3      | Reached skill level 5 in Maces & Flails
  2267 | D:3      | Noticed Robin
  2273 | D:3      | Reached skill level 5 in Fighting
  2541 | D:3      | Killed Robin
  2653 | D:3      | Found a basalt altar of Yredelemnul.
  2769 | D:3      | Found a shimmering blue altar of Sif Muna.
  3006 | D:4      | Found a sand-covered staircase.
  3013 | Ossuary  | Entered an ossuary
  3149 | Ossuary  | Reached XP level 6. HP: 56/57 MP: 5/5
  3241 | Ossuary  | Reached XP level 7. HP: 49/63 MP: 6/6
  3433 | D:4      | Reached skill level 5 in Armour
  3686 | D:4      | Reached skill level 1 in Evocations
  3890 | D:4      | Found an iron altar of Okawaru.
  3906 | D:4      | Became a worshipper of Warmaster Okawaru
  4229 | D:5      | Entered Level 5 of the Dungeon
  4387 | D:5      | Found a transporter.
  4413 | D:5      | Found a transporter.
  4447 | D:5      | Reached skill level 1 in Invocations
  4746 | D:5      | Noticed a two-headed ogre
  4753 | D:5      | Killed a two-headed ogre
  4753 | D:5      | Reached * piety under Okawaru
  4754 | D:5      | Reached XP level 8. HP: 31/73 MP: 7/9
  6240 | D:6      | Reached XP level 9. HP: 81/81 MP: 10/10
  6466 | D:6      | Found a white marble altar of Elyvilon.
  6578 | D:6      | Reached ** piety under Okawaru
  7318 | D:7      | Identified the +2 pair of gloves of Mysticism {Rampage
                  | rElec rF+ Stlth-}
  7422 | D:7      | Found a sparkling altar of Nemelex Xobeh.
  7435 | D:7      | Found an opulent altar of Gozag.
  7469 | D:7      | Reached skill level 10 in Fighting
  7565 | D:7      | Found a staircase to the Ecumenical Temple.
  8302 | D:8      | Found a glowing golden altar of the Shining One.
  8483 | D:8      | Found a staircase to the Lair.
  8499 | D:8      | Reached skill level 5 in Dodging
  8615 | D:7      | Reached *** piety under Okawaru
  8761 | D:8      | Reached XP level 10. HP: 93/93 MP: 12/12
  8767 | D:8      | Reached skill level 10 in Maces & Flails
  8920 | D:8      | Identified the ring of Dishonesty {rC+ Will+++ MP+9 Stlth+}
  8964 | D:8      | Found a hide-covered altar of Uskayaw.
  8965 | D:8      | Noticed Harold
  8995 | D:8      | Killed Harold
  8995 | D:8      | Reached **** piety under Okawaru
  9167 | D:8      | Reached skill level 5 in Invocations
  9684 | D:9      | Identified the +4 ring mail of Pigotzao {rElec}
  9865 | D:9      | Reached ***** piety under Okawaru
 10098 | D:9      | Found a staircase to the Orcish Mines.
 10384 | D:9      | You fall into a shaft and drop 1 floor!
 10384 | D:10     | Entered Level 10 of the Dungeon
 10384 | D:10     | Found Geoniurch's Distillery.
 10398 | D:10     | Reached XP level 11. HP: 98/104 MP: 13/13
 11082 | D:9      | Received a gift from Okawaru
 11718 | Lair:1   | Entered Level 1 of the Lair of Beasts
 11732 | Lair:1   | Received a gift from Okawaru
 12633 | Lair:1   | Reached skill level 10 in Armour
 12953 | Lair:1   | Noticed a six-headed hydra
 12981 | Lair:1   | Killed a six-headed hydra
 12981 | Lair:1   | Received a gift from Okawaru
 13178 | Lair:1   | Reached XP level 12. HP: 98/115 MP: 15/15
 13831 | Lair:2   | Reached skill level 5 in Shields
 14103 | Lair:2   | Noticed a catoblepas
 14129 | Lair:1   | Killed a catoblepas
 14129 | Lair:1   | Reached ****** piety under Okawaru
 14983 | Lair:2   | Received a gift from Okawaru
 16915 | Lair:3   | Reached skill level 15 in Fighting
 16929 | Lair:3   | Identified the +0 robe of the Evil One {rF+ Archmagi}
                  | (Okawaru gifted it to you on level 3 of the Lair of Beasts)
 16929 | Lair:3   | Received a gift from Okawaru
 16930 | Lair:3   | Reached skill level 15 in Maces & Flails
 17254 | Lair:3   | Found a staircase to the Snake Pit.
 17282 | Lair:3   | Noticed a seven-headed hydra
 17300 | Lair:3   | Killed a seven-headed hydra
 17336 | Lair:3   | Reached XP level 13. HP: 62/127 MP: 17/17
 17672 | Snake:1  | Entered Level 1 of the Snake Pit
 18508 | Lair:4   | Identified a scroll of acquirement
 18508 | Lair:4   | Acquired 852 gold pieces
 18575 | Lair:4   | Found a staircase to the Shoals.
 18827 | D:2      | Bought the ring "Kausufol" {rF+++ rCorr Str+8 Dex-2 Stlth-}
                  | for 805 gold pieces
 20074 | Lair:5   | Received a gift from Okawaru
 20590 | Lair:6   | Entered Level 6 of the Lair of Beasts
 21377 | Lair:6   | Found a staircase to the Slime Pits.
 21377 | Lair:6   | Found a viscous altar of Jiyva.
 21751 | Lair:6   | Received a gift from Okawaru
 21815 | Lair:6   | Reached XP level 14. HP: 125/140 MP: 19/19
 22952 | Lair:6   | Found a corrupted altar of Lugonu.
 22952 | Lair:6   | Found a one-way gate to the infinite horrors of the Abyss.
 24160 | D:12     | Reached skill level 10 in Dodging
 24774 | D:13     | Identified the +5 scale mail of Action {*Slow Int+6 Dex+4}
                  | (Okawaru gifted it to you on level 13 of the Dungeon)
 24774 | D:13     | Received a gift from Okawaru
 25812 | D:13     | Identified the +9 flail of the Wilderness {vorpal, rF+
                  | Int+4}
 26254 | D:14     | Noticed Azrael
 26269 | D:14     | Killed Azrael
 26333 | D:14     | Reached XP level 15. HP: 142/149 MP: 20/20
 26398 | D:14     | Found a gate to the Vaults.
 26543 | D:14     | Found an ancient bone altar of Kikubaaqudgha.
 26690 | D:14     | Found Wigema's Jewellery Shop.
 26690 | D:14     | You fall into a shaft and drop 1 floor!
 26690 | D:15     | Entered Level 15 of the Dungeon
 26803 | D:15     | Found a snail-covered altar of Cheibriados.
 27078 | D:15     | Found a staircase to the Depths.
 27287 | D:15     | Reached skill level 10 in Shields
 28303 | Orc:1    | Entered Level 1 of the Orcish Mines
 28720 | Orc:1    | Identified the +3 pair of boots of Diminal {Str+4 Int+3}
                  | (Okawaru gifted it to you on level 1 of the Orcish Mines)
 28720 | Orc:1    | Received a gift from Okawaru
 28967 | Orc:2    | Entered Level 2 of the Orcish Mines
 28967 | Orc:2    | Found a staircase to the Elven Halls.
 28967 | Orc:2    | Found Vaxysa's General Store.
 29199 | Orc:1    | Found a bloodstained altar of Trog.
 29648 | Orc:2    | Reached skill level 15 in Armour
 29650 | Orc:2    | Found Enuutosi's Distillery.
 29650 | Orc:2    | Found Nelor's Armour Boutique.
 29650 | Orc:2    | Found Woesoq's Magic Scroll Shop.
 29650 | Orc:2    | Found Oxosah's Jewellery Emporium.
 30042 | Orc:2    | Bought a scroll of acquirement for 624 gold pieces
 30043 | Orc:2    | Acquired a manual of Armour
 30313 | Elf:1    | Entered Level 1 of the Elven Halls
 30462 | Elf:1    | Paralysed by an air elemental for 1 turns
 30983 | Elf:1    | Identified the +1 flail "Boehaf" {spect, Contam rElec rF+
                  | rCorr} (Okawaru gifted it to you on level 1 of the Elven
                  | Halls)
 30983 | Elf:1    | Received a gift from Okawaru
 31376 | Elf:1    | Reached XP level 16. HP: 144/162 MP: 21/21
 31995 | Elf:1    | Received a gift from Okawaru
 32242 | Elf:1    | Paralysed by an air elemental for 1 turns
 32378 | Elf:1    | Found Moick's General Store.
 32380 | Elf:1    | Found Xiur's Magic Scroll Emporium.
 32383 | Elf:1    | Found Iraoz's Distillery.
 32395 | Elf:1    | Bought a scroll of magic mapping for 45 gold pieces
 32395 | Elf:1    | Bought a scroll of blinking for 97 gold pieces
 32395 | Elf:1    | Bought a scroll of blinking for 97 gold pieces
 33231 | Elf:1    | Found a radiant altar of Vehumet.
 33314 | Elf:2    | Paralysed by an air elemental for 1 turns
 33843 | Elf:2    | Found a huge runed translucent gate.
 33843 | Elf:2    | Found a huge runed translucent gate.
 33843 | Elf:2    | Found a huge runed translucent gate.
 33843 | Elf:2    | Found a huge runed translucent gate.
 33844 | Elf:2    | Found a huge runed translucent gate.
 34157 | Elf:2    | Received a gift from Okawaru
 35130 | Shoals:1 | Entered Level 1 of the Shoals
 35501 | Shoals:1 | Reached XP level 17. HP: 120/173 MP: 22/22
 35988 | Shoals:1 | Noticed Mlioglotl
 35989 | Arena    | Entered the Arena
 35996 | Arena    | Killed Mlioglotl
 36127 | Shoals:1 | Noticed Frances
 36156 | Shoals:1 | Killed Frances
 36467 | Shoals:2 | Found a runed translucent door.
 36485 | Shoals:2 | Noticed Pumeicul's ghost (journeyman GnDe)
 36501 | Shoals:2 | Killed Pumeicul's ghost
 36782 | Shoals:2 | Reached skill level 5 in Evocations
 36804 | Shoals:2 | Received a gift from Okawaru
 37262 | Shoals:2 | Acquired the +3 pair of seven-league boots {Rampage+∞}
 37262 | Shoals:2 | Found the +3 pair of seven-league boots {Rampage+∞}
 37276 | Shoals:2 | Noticed a kraken
 38328 | Shoals:3 | Found Ecrub's General Store.
 38353 | Shoals:3 | Bought a scroll of enchant weapon for 105 gold pieces
 38353 | Shoals:3 | Bought a scroll of acquirement for 728 gold pieces
 38356 | Shoals:3 | Acquired 918 gold pieces
 38360 | Shoals:3 | Bought a potion of heal wounds for 70 gold pieces
 38481 | Shoals:3 | Received a gift from Okawaru
 38833 | Shoals:3 | Reached skill level 10 in Invocations
 38969 | Shoals:4 | Entered Level 4 of the Shoals
 39551 | Shoals:4 | HP: 6/173 [snapping turtle (19)]
 40329 | Shoals:4 | Identified the +9 shortbow of the Pyrrhic Victory {freeze,
                  | rF+ SInv} (Okawaru gifted it to you on level 4 of the
                  | Shoals)
 40329 | Shoals:4 | Received a gift from Okawaru
 40333 | Shoals:4 | Reached XP level 18. HP: 153/182 MP: 24/24
 40335 | Shoals:4 | Noticed Polyphemus
 40370 | Shoals:4 | Killed Polyphemus
 40773 | Shoals:4 | Got a barnacled rune of Zot
 41158 | Snake:1  | Found a large runed translucent door.
 41158 | Snake:1  | Found a large runed translucent door.
 41166 | Snake:1  | Noticed Kuseiv's ghost (adept MiHu)
 41200 | Snake:1  | Killed Kuseiv's ghost
 41204 | Snake:1  | Identified the +4 rapier of Iprast {freeze, Str+4}
 41584 | Snake:1  | Received a gift from Okawaru
 42449 | Snake:1  | Reached skill level 15 in Shields
 43516 | Snake:2  | Received a gift from Okawaru
 44975 | Snake:3  | Reached XP level 19. HP: 173/195 MP: 25/25
 45413 | Snake:3  | Reached skill level 15 in Dodging
 47066 | Snake:4  | Entered Level 4 of the Snake Pit
 47322 | Snake:4  | Found Hoirph's Jewellery Shop.
 47459 | Snake:4  | Noticed Donald
 47472 | Snake:4  | Killed Donald
 48077 | Snake:4  | Noticed Bai Suzhen
 48096 | Snake:4  | Killed Bai Suzhen
 48096 | Snake:4  | Received a gift from Okawaru
 48186 | Snake:4  | Noticed Aizul
 48646 | Snake:4  | Killed Aizul
 49573 | Snake:4  | Got a serpentine rune of Zot
 50085 | Vaults:1 | Entered Level 1 of the Vaults
 50309 | Vaults:1 | Received a gift from Okawaru
 50860 | Vaults:1 | Reached XP level 20. HP: 196/211 MP: 28/28
 51076 | Vaults:1 | Found Baarorch's Assorted Antiques.
 52639 | Vaults:2 | Received a gift from Okawaru
 53162 | Vaults:2 | Reached skill level 27 in Fighting
 54082 | Vaults:2 | Identified the +6 scale mail "Coss" {rPois rCorr Int-4}
 54461 | Vaults:2 | Received a gift from Okawaru
 55685 | Vaults:3 | Reached XP level 21. HP: 224/224 MP: 29/29
 56008 | Vaults:3 | Found Anistrisuank's General Store.
 56017 | Vaults:3 | Bought a scroll of blinking for 157 gold pieces
 56017 | Vaults:3 | Bought a scroll of blinking for 157 gold pieces
 56267 | Vaults:3 | Found a staircase to the Crypt.
 56902 | Vaults:4 | Received a gift from Okawaru
 58087 | Vaults:4 | Received a gift from Okawaru
 58207 | Vaults:4 | Found Zieralef's Antique Armour Emporium.
 58259 | Vaults:4 | Bought a scorched plate armour for 840 gold pieces
 58259 | Vaults:4 | Identified the +9 plate armour of Makhleb's Hatred {Harm}
                  | (You bought it in a shop on level 4 of the Vaults)
 58836 | Vaults:5 | Entered Level 5 of the Vaults
 59193 | Arena    | Entered the Arena
 59478 | Arena    | Entered the Arena
 59669 | Vaults:4 | Identified the +8 quarterstaff of Evil {vamp, rC+} (Okawaru
                  | gifted it to you on level 4 of the Vaults)
 59669 | Vaults:4 | Received a gift from Okawaru
 59906 | Vaults:5 | Reached XP level 22. HP: 218/226 MP: 30/30
 60361 | Vaults:5 | Identified the +11 triple crossbow of Hualionn {elec, rN+
                  | Int+3 Stlth+}
 60379 | Vaults:5 | Noticed a dread lich
 60383 | Arena    | Entered the Arena
 60394 | Arena    | Killed a dread lich
 60438 | Vaults:5 | Identified the +1 ring mail of the Hidden Allies {rPois rF-
                  | SInv}
 60948 | Vaults:5 | Received a gift from Okawaru
 61080 | Vaults:5 | Noticed a golden dragon
 61096 | Vaults:5 | Killed a golden dragon
 61115 | Vaults:5 | Identified the amulet "Fiekhluv" {Spirit Harm Rampage rElec
                  | MP+9}
 61304 | Vaults:5 | Noticed a golden dragon
 61331 | Vaults:5 | Killed a golden dragon
 61394 | Vaults:5 | Found Seaxel's Assorted Antiques.
 61402 | Vaults:5 | Bought a slimy plate armour for 1036 gold pieces
 61402 | Vaults:5 | Identified the +2 plate armour of Xoczoxey {rElec Int+4}
                  | (You bought it in a shop on level 5 of the Vaults)
 61405 | Vaults:5 | Identified the +1 pair of boots of Lucidity {Fly rCorr}
 61492 | Vaults:5 | Identified the +7 rapier "Riwui" {freeze, Dex+2}
 61492 | Vaults:5 | Identified the ring "Pyephaaph" {Ice Str+3 Dex+6}
 61543 | Vaults:5 | Got a silver rune of Zot
 62126 | Elf:3    | Entered Level 3 of the Elven Halls
 62130 | Elf:3    | Found Afoqeido's Assorted Antiques.
 62686 | Elf:3    | Paralysed by an air elemental for 1 turns
 62696 | Elf:3    | Received a gift from Okawaru
 63053 | Elf:3    | Identified the ring "Jifaas" {Fire rElec Str-2 SInv}
 63187 | Elf:3    | Identified the +5 great sword "Orb Guardian's Regret"
                  | {vorpal, SInv}
 63307 | Elf:3    | Identified the ring "Icvevewu" {MP+9 Str+2 Int+6}
 63316 | Elf:3    | Identified the +8 mace of Huizabif {drain, rElec Str-5
                  | Dex+8 SInv}
 63387 | Elf:3    | Identified the +1 ring mail "Buqopol" {Dex+4}
 63442 | Elf:3    | Reached XP level 23. HP: 232/233 MP: 31/31
 63522 | Elf:3    | Got the Almanac of Moulding and Poison
 63524 | Elf:3    | Identified the +1 ice dragon scales of the Stone Wall {rF-
                  | rC++ Stlth+}
 63525 | Elf:3    | Identified the +0 pair of gloves of Circular Logic {Str+3}
 63530 | Elf:3    | Identified the +3 fustibalus "Boeja" {flame, rC+ Int+4
                  | Stlth+}
 63540 | Elf:3    | Identified the +1 cloak of Muajir {Dex+6}
 63755 | Elf:3    | Bought a scroll of acquirement for 1716 gold pieces
 63756 | Elf:3    | Acquired 960 gold pieces
 63956 | Depths:1 | Entered Level 1 of the Depths
 63984 | Depths:1 | Found a flickering gateway to a bazaar.
 63992 | Bazaar   | Entered a bazaar
 64017 | Bazaar   | Found Teom's Antique Weapon Emporium.
 64029 | Bazaar   | Found Egall's Antique Weapon Shoppe.
 64044 | Bazaar   | Found Ciqeasuq's Antique Armour Shoppe.
 64056 | Bazaar   | Found Pyjat's Antique Armour Emporium.
 64243 | Depths:1 | Found an ornate altar of the Wu Jian Council.
 64290 | Depths:1 | Reached skill level 27 in Armour
 64434 | Depths:1 | Noticed the Enchantress
 64509 | Depths:1 | Killed the Enchantress
 64592 | Depths:1 | Found a gateway to Hell.
 65081 | Depths:1 | Identified the ring of Finality {Wiz rC- Str+4 Int+3
                  | Slay+3}
 65182 | Depths:1 | Received a gift from Okawaru
 65203 | Depths:1 | Got Viweodo's Incunabulum of Supportive Bewitchment
 65455 | Depths:2 | Reached skill level 15 in Invocations
 65548 | Depths:2 | Found a blossoming altar of Fedhas.
 65910 | Depths:2 | Found a burning altar of Makhleb.
 65914 | Depths:2 | Received a gift from Okawaru
 65961 | Depths:2 | Got Jinitaed's Volume of the Harmful Traveller
 65967 | Depths:2 | Identified the +5 mace "Liuraom" {freeze, rCorr}
 66092 | Depths:2 | Found a one-way gate leading to the halls of Pandemonium.
 66122 | Depths:2 | Noticed Woytaw's ghost (adept HaHu)
 66123 | Depths:2 | Noticed a juggernaut
 66127 | Depths:2 | Noticed a juggernaut
 66130 | Depths:2 | Found a bloodstained altar of Trog.
 66130 | Depths:2 | Identified the ring "Lallax" {Fire rElec Str-5 Dex+4}
 66141 | Depths:2 | Found a transporter.
 66157 | Depths:2 | Found a transporter.
 66463 | Depths:3 | Found a hazy altar of Hepliaklqana.
 66509 | Depths:3 | Noticed Saint Roka
 66543 | Depths:3 | Killed Saint Roka
 67044 | Depths:3 | Found Utulu's General Store.
 67130 | Depths:3 | Received a gift from Okawaru
 67132 | Depths:3 | Noticed a caustic shrike
 67148 | Depths:3 | Killed a caustic shrike
 67155 | Depths:3 | Noticed a dread lich
 67205 | Depths:3 | Killed a dread lich
 67236 | Depths:3 | Reached XP level 24. HP: 172/249 MP: 33/33
 67506 | Depths:4 | Entered Level 4 of the Depths
 67540 | Depths:4 | Received a gift from Okawaru
 68033 | Depths:4 | Found a gateway to a ziggurat.
 68100 | Depths:4 | Found Lyvod's Jewellery Shoppe.
 68100 | Depths:4 | Found Casorgh's Book Boutique.
 68101 | Depths:4 | Found Raguan's Book Boutique.
 68433 | Depths:4 | Found a gate to the Realm of Zot.
 68455 | Zot:1    | Entered Level 1 of the Realm of Zot
 68741 | Zot:1    | Identified the ring "Nouq" {*Slow rC+ Int+4}
 69562 | Zot:2    | Identified the +1 scale mail "Kitop Seg" {rCorr} (Okawaru
                  | gifted it to you on level 2 of the Realm of Zot)
 69562 | Zot:2    | Received a gift from Okawaru
 70483 | Zot:2    | Noticed an orb of fire
 70486 | Zot:2    | Gained mutation: Armour fits poorly on your strangely
                  | shaped body. [an orb of fire]
 70487 | Zot:2    | Gained mutation: You are frail. (-10% HP) [an orb of fire]
 70509 | Zot:2    | Gained mutation: Your spells are a little easier to cast,
                  | but a little less powerful. [an orb of fire]
 70511 | Zot:2    | Killed an orb of fire
 70514 | Zot:2    | Lost mutation: Your spells are a little easier to cast, but
                  | a little less powerful. [potion of mutation]
 70514 | Zot:2    | Lost mutation: Armour fits poorly on your strangely shaped
                  | body. [potion of mutation]
 70514 | Zot:2    | Lost mutation: You are frail. (-10% HP) [potion of
                  | mutation]
 70514 | Zot:2    | Gained mutation: You have sharp toenails. [potion of
                  | mutation]
 70514 | Zot:2    | Gained mutation: Your body sometimes deteriorates upon
                  | taking damage. [potion of mutation]
 70514 | Zot:2    | Gained mutation: You are partially covered in large bone
                  | plates. (SH +4) [potion of mutation]
 70514 | Zot:2    | Gained mutation: You have a somewhat thin skeletal
                  | structure. (Dex +2, Stealth+) [potion of mutation]
 70696 | Zot:2    | Identified the +3 mace of Sick {venom, Int+5}
 70747 | Zot:2    | Noticed a Killer Klown
 70749 | Zot:2    | Noticed a Killer Klown
 70761 | Zot:2    | Noticed a Killer Klown
 70768 | Zot:2    | Killed a Killer Klown
 70781 | Zot:2    | Killed a Killer Klown
 70795 | Zot:2    | Killed a Killer Klown
 70940 | Zot:2    | Noticed an orb of fire
 70960 | Zot:2    | Gained mutation: You have hidden genetic defects. [an orb
                  | of fire]
 70968 | Zot:2    | Killed an orb of fire
 71160 | Zot:3    | Reached XP level 25. HP: 247/257 MP: 34/34
 71186 | Zot:3    | Received a gift from Okawaru
 71896 | Zot:3    | Noticed an orb of fire
 71912 | Zot:3    | Killed an orb of fire
 71923 | Zot:3    | Gained mutation: Armour fits poorly on your strangely
                  | shaped body. [hidden defects]
 71947 | Zot:2    | HP: 3/257 [poison (poison gas)]
 71948 | Zot:2    | Succumbed to poison (poison gas)

Illustrated notes

###............................
#...###......................#∩
##### ##.....................##
##......................##
#####..##................#....
#..##.....................°°≈°
###.#...............####°..≈☼○
#.........[†......#..#..°°○°
#<........[@[.........#.#≈≈≈
##.........[.........###°#≈#
#####.(#..##........###.°##
#####.....##...##...##...##
##.....[.......###..[)○°#...
#.####..##.....###......##.#
######...###.......###..####
#.....#..........## #.#...*
#.....##..#..###..###.####.


Turn 65321 on Depths:1:

Levels and vault maps discovered:
D:1:      minmay_arrival_jagged, layout_rooms, hangedman_decor_lopped,
          dk_noncrumbling_2
D:2:      layout_basic, serial_shops, nicolae_shop_trees, basic_altar
D:3:      layout_rooms, vehumet_altar_wand_db, lemuel_blue_sif_altar,
          yredelemnul_forgotten_temple_becter, uniq_robin
D:4:      layout_basic, mainiacjoe_overflow_concentric_impassable,
          nicolae_ossuary_entry_giza
D:5:      gammafunk_steamed_eel, layout_loops_ring
D:6:      layout_basic, mainiacjoe_overflow_six_doors_small, minivault_23,
          corexii_leaking_fountain, minmay_misc_feat_five
D:7:      layout_basic, grunt_temple_overflow_opulence, temple_green
D:8:      layout_basic, nicolae_tso_besieged_by_evil, old_standard_altar,
          david_lair_generic, hangedman_misty_isle, uniq_harold
D:9:      layout_gridville, erik_orc_4
D:10:     layout_rooms, serial_shops, nicolae_shop_waterfront, nzn_life_drinkers
D:11:     layout_irregular_city
D:12:     layout_cave_pools, dk_noncrumbling_3
D:13:     layout_loops_cross, minmay_the_grid_square_5x5_3x3_mashed
          [minmay_the_grid_square_5x5_misaligned,
          minmay_the_grid_square_5x5_empty, minmay_the_grid_square_5x5_plus,
          minmay_the_grid_square_5x5_bridge,
          minmay_the_grid_square_5x5_megaprize_hollow,
          minmay_the_grid_square_5x5_two_walls_a,
          minmay_the_grid_square_5x5_checkered_sparse,
          minmay_the_grid_square_5x5_almost_minimal,
          minmay_the_grid_square_5x5_fancy_junction]
D:14:     layout_cross, david_vaults_4, serial_shops, shop_fountains,
          serial_bayou_ford_a, kiku_gazebo_pond_becter, uniq_azrael
D:15:     grunt_enter_depths_magical_seal, layout_irregular_city,
          cheibriados_altar_1
Lair:1:   layout_cave_pods, gammafunk_lair_bear_cave, lemuel_fruit_fields
Lair:2:   dpeg_oklob_gauntlet, layout_layer_cave, cheibrodos_lair_lostbears
Lair:3:   layout_hall_layers, minmay_snake_entry_guardpost_large,
          grunt_forest_stairs_clearing, lemuel_fruit_tree
Lair:4:   layout_cave_shapes, minmay_shoals_entry_beasts, fungi_pond_lemuel,
          beast_lair_carwin_2
Lair:5:   layout_loops_ring
Lair:6:   hellmonk_lair_end_abyssal_woods, layout_misc_corridors, slime_altar_1,
          amcnicky_mini_pool_medium, infiniplex_staircase_pool_2
Shoals:1: layout_shoals, uniq_mlioglotl, uniq_frances
Shoals:2: layout_shoals, ebering_ghost_reflecting_pool
Shoals:3: layout_shoals, serial_shops, nicolae_shop_trees
Shoals:4: shoals_end_hellmonk_lost_city, uniq_polyphemus
Snake:1:  layout_honeycomb, ebering_ghost_disaster_area, hangedman_venom_bottle,
          serial_bayou_shore_b
Snake:2:  layout_honeycomb, grunt_ministairs_12, minmay_snake_pond
Snake:3:  layout_layer_cave, serial_bayou, serial_bayou_shore_b,
          serial_bayou_shore_a, serial_bayou_shore_b, serial_bayou_crossing,
          serial_bayou_shore_b, serial_bayou_pond_d, special_room
Snake:4:  snake_pit, layout_basic, serial_shops, shop, drop_trap, uniq_aizul,
          uniq_donald, uniq_bai_suzhen
Orc:1:    layout_caves, basic_altar, bh_open_orc_temple
Orc:2:    st_orc_ogre_mass, layout_caves, serial_shops, shop,
          nicolae_orc_pool_cavern
Elf:1:    eino_elf_arrival_the_gate, layout_gridlike, minmay_elf_demonology,
          minmay_shop_star, lemuel_upstairs_altar
Elf:2:    elven_hall_of_blades_hangedman_alternative
          [nicolae_blade_little_rooms], layout_onion_city, grunt_megastairs_5
Elf:3:    grunt_elf_hall_asides, layout_gridlike, serial_shops,
          nicolae_diamond_shop
Vaults:1: ontoclasm_vaults_bender, v_misc_28, nicolae_vaults_rhombus_7,
          nicolae_vaults_windows_and_doors_thing, v_misc_11,
          nicolae_vaults_border_crossing, ontoclasm_vaults_decontamination,
          vaults_room_grunt_arrival_ludios, ontoclasm_vaults_gateway,
          nicolae_vaults_statue_guard, layout_vaults_big_room, serial_shops,
          nicolae_shop_overgrown_old_shop
Vaults:2: vaults_room_door_hall, nicolae_vaults_theta, v_misc_13, v_misc_16,
          vaults_room_semicircle, vaults_dpeg_cross, nicolae_vaults_little_ls,
          nicolae_vaults_meeting, vaults_mumra_minichess_inversion,
          vaults_dpeg_diagonal, layout_vaults_quadrants
Vaults:3: nicolae_vaults_little_squares_4, nicolae_vaults_little_squares_5,
          v_misc_29, v_pattern_2, nicolae_vaults_puzzle_piece,
          minmay_crypt_entry_skeletal_spiral, hangedman_vaults_river_flow,
          ontoclasm_vaults_fault, ontoclasm_vaults_pinch, vaults_room_door_ring,
          dpeg_vaults_monster_row, v_alt_pattern_2, vaults_room_stairs_pillars,
          st_spiral_rooms, layout_vaults_omnicross, serial_shops,
          nicolae_shop_statue_plus
Vaults:4: nicolae_vaults_network_star, nicolae_vaults_little_squares_1,
          v_misc_30, v_misc_32, hangedman_vaults_corner,
          nicolae_vaults_back_hallway, nicolae_vaults_what_the_h,
          vaults_room_boxed, v_alt_pattern_1, nicolae_vaults_asterisk,
          vaults_room_semicircle, nicolae_vaults_asterisk,
          layout_vaults_omnibox, serial_shops, shop
Vaults:5
Depths:1: layout_cave_shapes, nzn_wu_jian_contemplation, hell_entry,
          serial_shops, freezing_bzr, chequers_serial_rivers_micro_c,
          minmay_misc_feat_chi, horrible_house_mu, uniq_enchantress
Depths:2: evilmike_makhleb_hellhole, layout_cave_pools, rand_demon_pan_entry_4,
          gammafunk_ghost_wrathful_warriors, serial_glass, glass_columns_b,
          glass_columns_a, hell_entry, minmay_misc_feat_more_columns,
          fedhas_altar_2
Depths:3: thingy_vault, layout_basic, abyss_entry_small_statue_room,
          serial_shops, kennysheep_mini, nicolae_hepliaklqana_hazy_memory,
          hell_entry, minmay_staircase_bubble, uniq_saint_roka
Depths:4: grunt_zot_entry_gee_three, layout_cave_shapes, enter_ziggurat_a,
          grunt_metal_band, eino_curves_03, minmay_shop_grove
Zot:1:    layout_twisted_circle, grunt_ministairs_2
Zot:2:    circus_mu, layout_twisted_circle
Zot:3:    layout_cathedral_of_symmetry, gammafunk_ghost_cemetery,
          grunt_ministairs_10, lemuel_baited_zot_trap, st_stairs_2

Skill      XL: |  1  2  3  4  5  6  7  8  9 10 11 12 13 14 15 16 17 18 19 20 21 22 23 24 25 |
---------------+----------------------------------------------------------------------------+-----
Dodging        | 1 2 3 4 5 7 8 10 12 14 15 16 18 20 22 25 | 25.0
Fighting       | 4 5 6 7 8 10 12 13 15 17 18 20 21 23 25 27 | 27.0
Armour         | 4 6 7 8 10 11 14 16 21 22 23 25 26 27 | 27.0
Shields        | 4 5 7 10 13 15 16 | 16.0
Maces & Flails | 3 4 5 6 7 8 9 12 13 15 16 | 16.4
Evocations     | 2 4 5 6 8 9 |  9.8
Invocations    | 3 4 5 6 7 8 10 12 13 15 16 17 | 17.0

Action                   |  1- 3 |  4- 6 |  7- 9 | 10-12 | 13-15 | 16-18 | 19-21 | 22-24 | 25-27 || total
-------------------------+-------+-------+-------+-------+-------+-------+-------+-------+-------++-------
Melee: Flail             |    56 |   103 |       |       |   502 |  1427 |  1508 |       |       ||  3596
       Headbutt          |    12 |    33 |    54 |   186 |   302 |   408 |   775 |   891 |    94 ||  2755
       Club              |       |    86 |   280 |   827 |   166 |       |       |       |       ||  1359
       Demon whip        |       |       |       |       |   447 |       |   494 |  2214 |   241 ||  3396
Invok: Heroism           |       |       |       |     4 |     3 |     5 |     3 |     1 |       ||    16
       Finesse           |       |       |       |     1 |       |     2 |     4 |     5 |     1 ||    13
       Duel              |       |       |       |       |       |     1 |     2 |     1 |       ||     4
Evoke: Wand              |       |       |     4 |     6 |       |       |       |       |       ||    10
  Use: Scroll            |       |     3 |    13 |     5 |    14 |     4 |     7 |     2 |       ||    48
       Potion            |       |       |     2 |     1 |     3 |     6 |     3 |     2 |     2 ||    19
 Stab: Distracted        |       |     1 |     2 |    12 |     4 |       |       |       |       ||    19
       Confused          |       |       |       |       |       |       |       |     2 |       ||     2
Armor: Scale mail        |    31 |       |       |       |       |       |       |       |       ||    31
       Chain mail        |     3 |    93 |   138 |    58 |       |       |       |       |       ||   292
       Plate armour      |       |       |       |   263 |   349 |   566 |   661 |   195 |       ||  2034
       Crystal plate arm |       |       |       |       |       |       |       |   510 |    48 ||   558
Dodge: Dodged            |    26 |    74 |   123 |   263 |   314 |   606 |   611 |   810 |    82 ||  2909
Block: Buckler           |    11 |    37 |    56 |   132 |   320 |   636 |       |       |       ||  1192
       Reflection        |       |       |       |       |     6 |    96 |   103 |    30 |     5 ||   240
       Kite shield       |       |       |       |       |       |   391 |  1322 |   897 |   115 ||  2725

Table legend: (Time is in decaauts)
 A = Elapsed time spent in this place.
 B = Non-inter-level travel time spent in this place.
 C = Inter-level travel time spent in this place.
 D = Time resting spent in this place.
 E = Time spent auto-exploring this place.
 F = Levels seen in this place.
 G = Mean time per level.
                   A        B        C        D        E       F      G
               +--------+--------+--------+--------+--------+-----+--------+
         Total |  69179 |  65166 |   4013 |  14895 |  34946 |  52 | 1330.4 |
       Dungeon |  17380 |  15868 |   1512 |   3480 |   9748 |  15 | 1158.7 |
          Lair |  10585 |   9673 |    912 |   1830 |   6265 |   6 | 1764.2 |
        Shoals |   5788 |   5624 |    164 |   1503 |   2477 |   4 | 1447.0 |
     Snake Pit |   8784 |   8500 |    284 |   2736 |   3527 |   4 | 2196.0 |
  Orcish Mines |   2585 |   2370 |    215 |    975 |   1059 |   2 | 1292.5 |
   Elven Halls |   5606 |   5278 |    328 |    972 |   2747 |   3 | 1868.7 |
        Vaults |  11051 |  10600 |    451 |   2541 |   5310 |   5 | 2210.2 |
        Depths |   3822 |   3700 |    122 |    239 |   2054 |   4 |  955.5 |
           Zot |   3106 |   3083 |     23 |    619 |   1551 |   3 | 1035.3 |
        Bazaar |     80 |     80 |      0 |      0 |     76 |   1 |   80.0 |
       Ossuary |    325 |    325 |      0 |      0 |    130 |   1 |  325.0 |
         Arena |     63 |     63 |      0 |      0 |      0 |   4 |   15.8 |
               +--------+--------+--------+--------+--------+-----+--------+

Top non-repeatable levels by time:
 Snake:3: 2743 daAuts
Vaults:4: 2627 daAuts
Vaults:1: 2386 daAuts
  Lair:2: 2340 daAuts
   Elf:1: 2338 daAuts
Vaults:2: 2277 daAuts
  Lair:1: 2128 daAuts
 Snake:1: 2102 daAuts
 Snake:2: 2007 daAuts
 Snake:4: 1930 daAuts
Vaults:5: 1929 daAuts
   Elf:2: 1863 daAuts
Vaults:3: 1830 daAuts
     D:2: 1801 daAuts
   Orc:2: 1711 daAuts
